 Dungeon Crawl Stone Soup version 0.18.1-48-g4cf74bf (webtiles) character file.

329 Mesmaeker13 the Shooter (level 6, 0/52 HPs)
             Began as a Centaur Hunter on Aug 15, 2016.
             Killed from afar by an orc wizard (2 damage)
             ... with a magic dart
             ... on level 4 of the Dungeon.
             The game lasted 00:08:49 (2860 turns).

Mesmaeker13 the Shooter (Centaur Hunter)            Turns: 2860, Time: 00:08:50

Health: 0/52       AC:  6    Str: 15 (17) XL:     6   Next: 25%
Magic:  0/6        EV:  9    Int: 13 (15) God:
Gold:   125        SH:  0    Dex:  9 (11) Spells: 0 memorised, 5 levels left

rFire  . . .     SeeInvis .     v - -3 dagger (curse)
rCold  . . .     Gourm    .     q - +0 ring mail
rNeg   . . .     Faith    .     (no shield)
rPois  .         Spirit   +     h - +0 helmet
rElec  .         Dismiss  .     (no cloak)
rCorr  .         Reflect  .     (no gloves)
SustAt .         Harm     .     (no barding)
MR     .....                    s - amulet of guardian spirit
Stlth  ..........               (no ring)
                                (no ring)

@: confused, brilliant, very quick, not resistant to hostile enchantments,
extremely unstealthy
A: hooves 3, blink, deformed body, speed 2, strong 1, tough skin 3, evolution 1
a: Blink


You were on level 4 of the Dungeon.
You were not hungry.

You visited 1 branch of the dungeon, and saw 4 of its levels.

You collected 125 gold pieces.

Inventory:

Hand Weapons
 a - a +1 shortbow
 v - a cursed -3 dagger (weapon)
 w - a +0 flail
Missiles
 d - 14 arrows
Armour
 h - a +0 helmet (worn)
 q - a +0 ring mail (worn)
Jewellery
 s - an amulet of guardian spirit (around neck)
Wands
 y - a wand of slowing (25/48)
Scrolls
 c - a scroll of recharging
 g - 2 scrolls of teleportation
 o - 3 scrolls of noise
 p - a scroll of magic mapping
 r - 2 scrolls of blinking
 x - a scroll of fear {unknown}
Potions
 i - a potion of resistance {unknown}
 l - a potion of lignification
 m - a potion of might {unknown}
Comestibles
 f - 3 bread rations
 j - a slice of pizza
 n - 3 meat rations
 t - 3 fruits
 u - 2 beef jerkies


   Skills:
 + Level 4.0 Fighting
 + Level 7.2 Bows
 + Level 3.1 Dodging
 - Level 0.5 Stealth


You had 5 spell levels left.
You didn't know any spells.

Dungeon Overview and Level Annotations

Branches:
Dungeon (4/15)
 Temple: D:4-7

Altars:
Ashenzari
Elyvilon
Fedhas
Gozag
Pakellas
Ru
Sif Muna
Vehumet
Xom
The Shining One

Annotations:
D:2 1 exclusion


Innate Abilities, Weirdness & Mutations

You have hooves in place of feet.
Armour fits poorly on your strangely shaped body.
You cover ground very quickly.
You have extremely tough skin (AC +3).
You can translocate small distances at will.
Your muscles are strong. (Str +2)
You evolve.


Message History

* * * LOW HITPOINT WARNING * * *
The orc wizard points at you and mumbles some strange words.
You are more confused.
The dart slug launches a dart at you. The slug dart hits you!
* * * LOW HITPOINT WARNING * * *
You bump into the stone wall.
You're too confused to move!
The orc wizard gestures at you while chanting.
You resist with some effort.
The orc wizard points at you and mumbles some strange words.
The magic dart hits you!
* * * LOW HITPOINT WARNING * * *
The orc wizard points at you and mumbles some strange words.
You resist with some effort.
You see here an orc corpse.
The orc wizard barely misses you.
The orc wizard points at you and mumbles some strange words.
The magic dart hits you!
You die...

... ..... #### #.#
.########. #.#
###......## #.#
##.........# #.#
##........... #.#
#......8.....
#.###...(........
##†##.............
#@..#......8......
#.o.#.............
#...w............# #.
#...#.....8......#
#.##...#.........).##
..#...##.........##
#.#....##......###
#..#.###########
##.#.# ..


You could see an orc wizard and a dart slug.

Vanquished Creatures
  A phantom (D:3)
  A giant frog (D:1)
  A giant frog skeleton (D:3)
  A worker ant zombie (D:4)
  6 adders
  2 worms
  4 dart slugs
  5 orcs (D:4)
  4 giant cockroaches
  6 goblins
  11 hobgoblins
  4 jackals
  3 kobolds
  2 ball pythons
  6 bats
  5 giant newts
  6 rats
68 creatures vanquished.

Notes
Turn   | Place    | Note
--------------------------------------------------------------
     0 | D:1      | Mesmaeker13 the Centaur Hunter began the quest for the Orb.
     0 | D:1      | Reached XP level 1. HP: 17/17 MP: 1/1
   153 | D:1      | Reached XP level 2. HP: 25/25 MP: 2/2
   849 | D:1      | Noticed a giant frog
   858 | D:1      | Killed a giant frog
   858 | D:1      | Reached skill level 6 in Bows
   858 | D:1      | Reached XP level 3. HP: 16/31 MP: 3/3
   858 | D:1      | Reached XP level 4. HP: 20/38 MP: 4/4
  1328 | D:2      | Found an oddly glowing altar of Pakellas.
  1331 | D:2      | Found an opulent altar of Gozag.
  1575 | D:3      | Found a glowing golden altar of the Shining One.
  1582 | D:3      | Found a sacrificial altar of Ru.
  1679 | D:3      | Reached XP level 5. HP: 42/45 MP: 5/5
  1723 | D:3      | Found a blossoming altar of Fedhas.
  1726 | D:3      | Found a radiant altar of Vehumet.
  1729 | D:3      | Found a white marble altar of Elyvilon.
  1731 | D:3      | Found a shimmering altar of Xom.
  1732 | D:3      | Found a deep blue altar of Sif Muna.
  1820 | D:3      | Found a sacrificial altar of Ru.
  1862 | D:3      | Noticed a phantom
  1944 | D:3      | Killed a phantom
  2075 | D:3      | Found a shattered altar of Ashenzari.
  2088 | D:3      | Reached skill level 7 in Bows
  2088 | D:3      | Reached XP level 6. HP: 52/52 MP: 6/6
  2815 | D:4      | Gained mutation: Your muscles are strong. (Str +2) [potion of mutation]
  2815 | D:4      | Gained mutation: You evolve. [potion of mutation]
  2815 | D:4      | Gained mutation: You can translocate small distances at will. [potion of mutation]
  2856 | D:4      | HP: 1/52 [orc wizard/magic dart (8)]
  2860 | D:4      | Killed from afar by an orc wizard

Skill      XL: |  1  2  3  4  5  6 |
---------------+-------------------+-----
Dodging        | 2 3 |  3.1
Fighting       | 3 4 |  4.0
Bows           | 6 7 |  7.2
Stealth        | |  0.5

Action                   |  1- 3 |  4- 6 || total
-------------------------+-------+-------++-------
Melee: Short sword       |    51 |    74 ||   125
       Kick              |    13 |    23 ||    36
       Dagger            |       |    38 ||    38
       Flail             |       |    12 ||    12
       Shortbow          |       |     1 ||     1
 Fire: Shortbow          |    16 |    99 ||   115
  Use: Scroll            |       |     7 ||     7
       Potion            |       |     6 ||     6
  Eat: Chunk             |       |     4 ||     4
Armor: Leather armour    |    28 |     1 ||    29
       Ring mail         |       |    39 ||    39
       Skin              |       |    38 ||    38
Dodge: Dodged            |    35 |    56 ||    91
